HSSL
BILLINGS WEST HS GOLDEN BEARS @ OLIVER AMES HS TIGERS
04/25/2025
 
TOP OF THE 1ST
Billings West HS Golden Bears batting - Pitching for Oliver Ames HS Tigers : LHP Chris Wells
Pitching: LHP Chris Wells
Batting: RHB Dennis Garner 0-0: Called Strike
0-1: Reached on Error, E7 (Flyball, 7D)
Batting: SHB Juan Soriano 0-0: Ball
1-0: Ball
2-0: Ball
3-0: Called Strike
3-1: Called Strike
3-2: SINGLE (Line Drive, 4MD)
Dennis Garner to second
Batting: LHB Duane Lemay 0-0: Called Strike
0-1: SINGLE (Line Drive, 8RS)
Dennis Garner to third
Juan Soriano to second
Runner from 3rd tries for Home, SAFE, no throw or cutoff
Batting: RHB Chris Hall 0-0: SINGLE (Line Drive, 7S)
Juan Soriano to third
Duane Lemay to second
Batting: RHB Bill Reed 0-0: Ball
1-0: Ball
2-0: Called Strike
2-1: Swinging Strike
2-2: Strikes out swinging
Batting: RHB Chase Wilkerson 0-0: Hit by Pitch
Juan Soriano scores
Duane Lemay to third
Chris Hall to second
Batting: RHB Roberto Hernández 0-0: SINGLE (Groundball, 34) (infield hit)
Duane Lemay scores
Chris Hall to third
Chase Wilkerson to second
Batting: RHB Ethan Ramos 0-0: Fly out, F9 (Popup, 89S)
Throwing error, E9
Chris Hall scores
Chase Wilkerson to third
Roberto Hernández to second
Batting: RHB Bryce Murray 0-0: Swinging Strike
0-1: Foul Ball, location: 2F
0-2: Ball
1-2: Strikes out swinging
Top of the 1st over - 4 run(s), 4 hit(s), 2 error(s), 2 left on base; Billings West HS 4 - Oliver Ames HS 0
BOTTOM OF THE 1ST
Oliver Ames HS Tigers batting - Pitching for Billings West HS Golden Bears : LHP Monty Bint
Pitching: LHP Monty Bint
Batting: RHB Quentin Underwood 0-0: Ground out 6-3 (Groundball, 6M)
Batting: SHB David Castaneda 0-0: Ball
1-0: Ball
2-0: Ground out 6-3 (Groundball, 6M)
Batting: LHB Eugene Lee 0-0: Called Strike
0-1: Ball
1-1: Ball
2-1: Ball
3-1: Foul Ball, location: 2F
3-2: Strikes out swinging
Bottom of the 1st over - 0 run(s), 0 hit(s), 0 error(s), 0 left on base; Billings West HS 4 - Oliver Ames HS 0
TOP OF THE 2ND
Billings West HS Golden Bears batting - Pitching for Oliver Ames HS Tigers : LHP Chris Wells
Batting: RHB Dennis Garner 0-0: Called Strike
0-1: Ground out 1-3 (Groundball, 13S)
Batting: SHB Juan Soriano 0-0: Called Strike
0-1: Ball
1-1: Ball
2-1: SINGLE (Flyball, 8LS)
Batting: LHB Duane Lemay 0-0: Ball
1-0: Ball
2-0: Ball
3-0: Base on Balls
Juan Soriano to second
Batting: RHB Chris Hall 0-0: Ball
1-0: Called Strike
1-1: Ball
2-1: Fly out, F8 (Flyball, 8LM)
Batting: RHB Bill Reed 0-0: Swinging Strike
0-1: Foul Ball, location: 2F
0-2: Strikes out swinging
Top of the 2nd over - 0 run(s), 1 hit(s), 0 error(s), 2 left on base; Billings West HS 4 - Oliver Ames HS 0
BOTTOM OF THE 2ND
Oliver Ames HS Tigers batting - Pitching for Billings West HS Golden Bears : LHP Monty Bint
Batting: RHB Jimmy King 0-0: DOUBLE (Groundball, 3D)
Pinch Runner at 2nd David Morgan:
Batting: SHB Lee Dean 0-0: Ball
1-0: Foul Ball, location: 2F
1-1: Ground out 6-3 (Groundball, 6)
Batting: LHB Miguel García 0-0: Called Strike
0-1: Ball
1-1: Called Strike
1-2: Ball
2-2: Ball
3-2: Base on Balls
Batting: LHB Jason King 0-0: Foul Ball, location: 2F
0-1: Ball
1-1: Ball
2-1: Swinging Strike
2-2: Ball
3-2: Base on Balls
David Morgan to third
Miguel García to second
Batting: RHB River Hall 0-0: Ball
1-0: Called Strike
1-1: Swinging Strike
1-2: Strikes out looking
Batting: RHB Earl Frank 0-0: Called Strike
0-1: Ball
1-1: Foul Ball, location: 2F
1-2: Ball
2-2: Strikes out looking
Bottom of the 2nd over - 0 run(s), 1 hit(s), 0 error(s), 3 left on base; Billings West HS 4 - Oliver Ames HS 0
TOP OF THE 3RD
Billings West HS Golden Bears batting - Pitching for Oliver Ames HS Tigers : LHP Chris Wells
Now in LF: David Morgan
Batting: RHB Chase Wilkerson 0-0: Foul Ball, location: 2F
0-1: Ball
1-1: Ground out 6-3 (Groundball, 6)
Batting: RHB Roberto Hernández 0-0: Foul Ball, location: 2F
0-1: Ground out 6-3 (Groundball, 6)
Batting: RHB Ethan Ramos 0-0: Ball
1-0: Ball
2-0: Ball
3-0: Base on Balls
Batting: RHB Bryce Murray 0-0: Swinging Strike
0-1: Ball
1-1: Ball
2-1: SINGLE (Groundball, 4D)
Ethan Ramos to second
Runner from 2nd tries for 3rd, SAFE, no throw or cutoff
Batting: RHB Dennis Garner 0-0: Called Strike
0-1: Called Strike
0-2: Strikes out swinging
Top of the 3rd over - 0 run(s), 1 hit(s), 0 error(s), 2 left on base; Billings West HS 4 - Oliver Ames HS 0
BOTTOM OF THE 3RD
Oliver Ames HS Tigers batting - Pitching for Billings West HS Golden Bears : LHP Monty Bint
Batting: RHB Quentin Underwood 0-0: Called Strike
0-1: Foul Ball, location: 2F
0-2: Ball
1-2: Ball
2-2: Fly out, F7 (Flyball, 7M)
Batting: SHB David Castaneda 0-0: Ball
1-0: Ball
2-0: Foul Ball, location: 2F
2-1: Ball
3-1: Base on Balls
Batting: LHB Eugene Lee 0-0: Called Strike
Throwing error on steal attempt, E2
David Castaneda to third
0-1: Ball
1-1: Called Strike
1-2: SINGLE (Line Drive, 89M)
David Castaneda scores
Batting: RHB David Morgan 0-0: Called Strike
0-1: Ball
1-1: Called Strike
1-2: Ball
2-2: Fly out, F9 (Flyball, 9M)
Batting: SHB Lee Dean 0-0: Called Strike
0-1: Ball
1-1: Called Strike
1-2: Ball
2-2: Ball
3-2: Foul Ball, location: 2F
3-2: Base on Balls
Eugene Lee to second
Batting: LHB Miguel García 0-0: Ball
1-0: Ball
2-0: Foul Ball, location: 2F
2-1: SINGLE (Groundball, 34D)
Eugene Lee to third
Lee Dean to second
Runner from 3rd tries for Home, SAFE, no throw or cutoff
Batting: LHB Jason King 0-0: Swinging Strike
0-1: Ball
Wild Pitch!
Lee Dean to third
Miguel García to second
1-1: Ball
2-1: Swinging Strike
2-2: Foul Ball, location: 2F
2-2: Foul Ball, location: 2F
2-2: Strikes out swinging
Bottom of the 3rd over - 2 run(s), 2 hit(s), 1 error(s), 2 left on base; Billings West HS 4 - Oliver Ames HS 2
TOP OF THE 4TH
Billings West HS Golden Bears batting - Pitching for Oliver Ames HS Tigers : LHP Chris Wells
Batting: SHB Juan Soriano 0-0: Swinging Strike
0-1: SINGLE (Line Drive, 6M)
Batting: LHB Duane Lemay 0-0: Called Strike
0-1: Ball
1-1: Fly out, F8 (Flyball, 8LM)
Batting: RHB Chris Hall 0-0: Ball
1-0: Ball
2-0: Fly out, F8 (Flyball, 8LS)
Batting: RHB Bill Reed 0-0: Called Strike
Juan Soriano steals 2nd base
0-1: Ball
1-1: Called Strike
1-2: Foul Ball, location: 2F
1-2: Ball
2-2: Foul Ball, location: 2F
2-2: Fly out, F7 (Flyball, 78M)
Top of the 4th over - 0 run(s), 1 hit(s), 0 error(s), 1 left on base; Billings West HS 4 - Oliver Ames HS 2
BOTTOM OF THE 4TH
Oliver Ames HS Tigers batting - Pitching for Billings West HS Golden Bears : LHP Monty Bint
Batting: RHB River Hall 0-0: Ball
1-0: Ball
2-0: Ball
3-0: Called Strike
3-1: Called Strike
3-2: SINGLE (Line Drive, 6M)
Batting: RHB Earl Frank 0-0: Called Strike
0-1: Ball
1-1: Grounds into double play, 4-6-3 (Groundball, 4)
Batting: RHB Quentin Underwood 0-0: SINGLE (Flyball, 78S)
Pitching: RHP Bill Cooper
Batting: SHB David Castaneda 0-0: Ball
1-0: SINGLE (Groundball, 6MD)
Quentin Underwood to second
Runner from 2nd tries for 3rd, SAFE, throw made to third
Batting: LHB Eugene Lee 0-0: Ball
1-0: Ball
2-0: Called Strike
2-1: Ball
3-1: Base on Balls
David Castaneda to second
Batting: RHB David Morgan 0-0: Ball
1-0: SINGLE (Line Drive, 4D)
Quentin Underwood scores
David Castaneda to third
Eugene Lee to second
Batting: SHB Lee Dean 0-0: Ball
1-0: Called Strike
1-1: Fly out, F9 (Line Drive, 89M)
Bottom of the 4th over - 1 run(s), 4 hit(s), 0 error(s), 3 left on base; Billings West HS 4 - Oliver Ames HS 3
TOP OF THE 5TH
Billings West HS Golden Bears batting - Pitching for Oliver Ames HS Tigers : LHP Chris Wells
Batting: RHB Chase Wilkerson 0-0: Ball
1-0: Ball
2-0: Foul Ball, location: 2F
2-1: Ground out 5-3 (Groundball, 5S)
Batting: RHB Roberto Hernández 0-0: Ball
1-0: Ball
2-0: Foul Ball, location: 2F
2-1: Ball
3-1: Base on Balls
Pitching: RHP Brian White
Batting: RHB Ethan Ramos 0-0: Ball
1-0: Ball
2-0: Ball
3-0: Called Strike
3-1: Base on Balls
Roberto Hernández to second
Batting: RHB Bryce Murray 0-0: Ball
1-0: Called Strike
Roberto Hernández steals 3rd base
Ethan Ramos to second
1-1: Ball
2-1: Fly out, F7 (Flyball, 78S)
Batting: RHB Dennis Garner 0-0: SINGLE (Line Drive, 34)
Roberto Hernández scores
Ethan Ramos to third
Runner from 3rd tries for Home, SAFE, no throw or cutoff
Batting: SHB Juan Soriano 0-0: Ball
1-0: Swinging Strike
1-1: Ball
Dennis Garner is caught stealing 2nd base
Top of the 5th over - 2 run(s), 1 hit(s), 0 error(s), 0 left on base; Billings West HS 6 - Oliver Ames HS 3
BOTTOM OF THE 5TH
Oliver Ames HS Tigers batting - Pitching for Billings West HS Golden Bears : RHP Bill Cooper
Batting: LHB Miguel García 0-0: Ball
1-0: Ball
2-0: Ground out 4-3 (Groundball, 4)
Batting: LHB Jason King 0-0: Ball
1-0: Ball
2-0: Fly out, F7 (Popup, 6D)
Batting: RHB River Hall 0-0: Foul Ball, location: 2F
0-1: Ball
1-1: Ball
2-1: Foul Ball, location: 2F
2-2: Strikes out swinging
Bottom of the 5th over - 0 run(s), 0 hit(s), 0 error(s), 0 left on base; Billings West HS 6 - Oliver Ames HS 3
TOP OF THE 6TH
Billings West HS Golden Bears batting - Pitching for Oliver Ames HS Tigers : RHP Brian White
Batting: SHB Juan Soriano 0-0: Called Strike
0-1: Ball
1-1: Ball
2-1: Ball
3-1: Ground out 6-3 (Groundball, 6M)
Batting: LHB Duane Lemay 0-0: Ball
1-0: Ball
2-0: Foul Ball, location: 2F
2-1: Foul Ball, location: 2F
2-2: Foul Ball, location: 2F
2-2: Foul Ball, location: 2F
2-2: Ball
3-2: Base on Balls
Batting: RHB Chris Hall 0-0: Foul Ball, location: 2F
0-1: Ball
1-1: SINGLE (Flyball, 9S)
Duane Lemay to second
Throwing error, E9
Duane Lemay scores
Chris Hall to second
Batting: RHB Bill Reed 0-0: Intentional Walk
Batting: RHB Chase Wilkerson 0-0: Ball
Bill Reed steals 2nd base
Chris Hall to third
1-0: Ball
2-0: Called Strike
2-1: SINGLE (Line Drive, 3)
Chris Hall scores
Bill Reed to third
Throwing error, E9
Bill Reed scores
Chase Wilkerson to second
Pitching: LHP Andrew Mock
Batting: RHB Roberto Hernández 0-0: SINGLE (Groundball, 56D) (infield hit)
Chase Wilkerson to third
Batting: RHB Ethan Ramos 0-0: Ball
1-0: Called Strike
Balk!
Chase Wilkerson scores
Roberto Hernández to second
1-1: Called Strike
1-2: Ground out 5-3 (Groundball, 56)
Batting: RHB Bryce Murray 0-0: Swinging Strike
0-1: Swinging Strike
0-2: Fly out, F3 (Popup, 3S)
Top of the 6th over - 4 run(s), 3 hit(s), 2 error(s), 1 left on base; Billings West HS 10 - Oliver Ames HS 3
BOTTOM OF THE 6TH
Oliver Ames HS Tigers batting - Pitching for Billings West HS Golden Bears : RHP Bill Cooper
Batting: RHB Earl Frank 0-0: Ball
1-0: Foul Ball, location: 2F
1-1: Swinging Strike
1-2: Foul Ball, location: 2F
1-2: Ball
2-2: Ground out 4-3 (Groundball, 4)
Batting: RHB Quentin Underwood 0-0: Ball
1-0: Called Strike
1-1: Ball
2-1: Ball
3-1: Foul Ball, location: 2F
3-2: Foul Ball, location: 2F
3-2: Base on Balls
Batting: SHB David Castaneda 0-0: Ball
1-0: Ball
2-0: Fly out, F7 (Flyball, 7M)
Batting: LHB Eugene Lee 0-0: Ball
1-0: Called Strike
1-1: Called Strike
1-2: Foul Ball, location: 2F
1-2: SINGLE (Line Drive, 34)
Quentin Underwood to second
Batting: RHB David Morgan 0-0: Ball
1-0: Called Strike
1-1: Foul Ball, location: 2F
1-2: 3-RUN HOME RUN (Flyball, 78XD), Distance : 434 ft
Batting: SHB Lee Dean 0-0: Ball
1-0: Ball
2-0: SINGLE (Groundball, 34D) (infield hit)
Pitching: RHP Danny Ramos
Batting: LHB Miguel García 0-0: Called Strike
0-1: Hit by Pitch
Lee Dean to second
Batting: LHB Jason King 0-0: Foul Ball, location: 2F
0-1: Foul Ball, location: 2F
0-2: Ball
1-2: Ball
2-2: Ball
3-2: Strikes out swinging
Bottom of the 6th over - 3 run(s), 3 hit(s), 0 error(s), 2 left on base; Billings West HS 10 - Oliver Ames HS 6
TOP OF THE 7TH
Billings West HS Golden Bears batting - Pitching for Oliver Ames HS Tigers : LHP Andrew Mock
Batting: RHB Dennis Garner 0-0: Ball
1-0: SINGLE (Line Drive, 4D)
Batting: SHB Juan Soriano 0-0: SINGLE (Line Drive, 34)
Dennis Garner to second
Throwing error, E9
Dennis Garner scores
Juan Soriano to second
Batting: LHB Duane Lemay 0-0: Called Strike
0-1: Ball
1-1: Ball
2-1: Ball
3-1: Base on Balls
Batting: RHB Chris Hall 0-0: Ball
1-0: Foul Ball, location: 2F
1-1: Swinging Strike
1-2: Fly out, F8 (Flyball, 8RS)
Batting: RHB Bill Reed 0-0: Ball
Passed Ball!
Juan Soriano to third
Duane Lemay to second
1-0: Called Strike
1-1: Swinging Strike
1-2: Strikes out swinging
Batting: RHB Chase Wilkerson 0-0: Called Strike
0-1: Ball
1-1: Ball
2-1: Swinging Strike
2-2: Foul Ball, location: 2F
2-2: Ball
3-2: Foul Ball, location: 2F
3-2: Base on Balls
Batting: RHB Roberto Hernández 0-0: Ball
1-0: Foul Ball, location: 2F
1-1: Ball
2-1: Ball
3-1: Base on Balls
Juan Soriano scores
Duane Lemay to third
Chase Wilkerson to second
Batting: RHB Ethan Ramos 0-0: Ball
1-0: Called Strike
1-1: Called Strike
1-2: Strikes out swinging
Top of the 7th over - 2 run(s), 2 hit(s), 1 error(s), 3 left on base; Billings West HS 12 - Oliver Ames HS 6
BOTTOM OF THE 7TH
Oliver Ames HS Tigers batting - Pitching for Billings West HS Golden Bears : RHP Danny Ramos
Batting: RHB River Hall 0-0: Ball
1-0: Foul Ball, location: 2F
1-1: Ball
2-1: Foul Ball, location: 2F
2-2: SINGLE (Flyball, 7LS) - OUT at second base trying to stretch hit.
Batting: RHB Earl Frank 0-0: Hit by Pitch
Batting: RHB Quentin Underwood 0-0: Reached on error, E1 (Groundball, 13S)
Earl Frank to second
Batting: SHB David Castaneda 0-0: Ball
1-0: SINGLE (Line Drive, 3S)
Earl Frank to third
Quentin Underwood to second
Runner from 3rd tries for Home, SAFE, throw made home
Quentin Underwood to third
David Castaneda to second
Batting: LHB Eugene Lee 0-0: Called Strike
0-1: Ball
1-1: Ball
2-1: Called Strike
2-2: Ball
3-2: Base on Balls
Batting: RHB David Morgan 0-0: Ball
1-0: Called Strike
1-1: Called Strike
1-2: Strikes out looking
Batting: SHB Lee Dean 0-0: Ball
1-0: Ball
2-0: Ball
3-0: Called Strike
3-1: Base on Balls
Quentin Underwood scores
David Castaneda to third
Eugene Lee to second
Batting: LHB Miguel García 0-0: Fly out, F8 (Flyball, 8RS)
Bottom of the 7th over - 2 run(s), 2 hit(s), 1 error(s), 3 left on base; Billings West HS 12 - Oliver Ames HS 8
TOP OF THE 8TH
Billings West HS Golden Bears batting - Pitching for Oliver Ames HS Tigers : LHP Andrew Mock
Batting: RHB Bryce Murray 0-0: Called Strike
0-1: Called Strike
0-2: Ground out 5-3 (Groundball, 56)
Pitching: RHP Jack Hines
Batting: RHB Dennis Garner 0-0: Called Strike
0-1: Ball
1-1: Called Strike
1-2: Ball
2-2: SINGLE (Line Drive, 89M)
Batting: SHB Juan Soriano 0-0: Ball
1-0: Ball
2-0: Ball
3-0: Base on Balls
Dennis Garner to second
Batting: LHB Duane Lemay 0-0: Ball
1-0: Ball
2-0: Swinging Strike
2-1: Ball
3-1: Called Strike
3-2: Base on Balls
Dennis Garner to third
Juan Soriano to second
Batting: RHB Chris Hall 0-0: Ball
1-0: Fly out, F9 (Flyball, 9M)
Runner from 3rd tags up, SCORES, no throw
Batting: RHB Bill Reed 0-0: Swinging Strike
0-1: Ball
1-1: Called Strike
1-2: Ball
2-2: Strikes out swinging
Top of the 8th over - 1 run(s), 1 hit(s), 0 error(s), 2 left on base; Billings West HS 13 - Oliver Ames HS 8
BOTTOM OF THE 8TH
Oliver Ames HS Tigers batting - Pitching for Billings West HS Golden Bears : RHP Danny Ramos
Pitching: RHP Bob Roy
Batting: LHB Jason King 0-0: Ball
1-0: Foul Ball, location: 2F
1-1: Ball
2-1: Foul Ball, location: 2F
2-2: Fly out, F6 (Popup, 56)
Batting: RHB River Hall 0-0: Ball
1-0: Ball
2-0: Ball
3-0: Called Strike
3-1: Base on Balls
Batting: RHB Earl Frank 0-0: Called Strike
0-1: Foul Ball, location: 2F
0-2: Strikes out swinging
Batting: RHB Quentin Underwood 0-0: Foul Ball, location: 2F
0-1: Ball
1-1: Fly out, F2 (Popup, 2LF)
Bottom of the 8th over - 0 run(s), 0 hit(s), 0 error(s), 1 left on base; Billings West HS 13 - Oliver Ames HS 8
TOP OF THE 9TH
Billings West HS Golden Bears batting - Pitching for Oliver Ames HS Tigers : RHP Jack Hines
Pitching: LHP John Keller
Batting: RHB Chase Wilkerson 0-0: Called Strike
0-1: Ball
1-1: Foul Ball, location: 2F
1-2: Fly out, F4 (Popup, 4MD)
Batting: RHB Roberto Hernández 0-0: Ball
1-0: Ball
2-0: Foul Ball, location: 2F
2-1: Ground out 4-3 (Groundball, 4)
Batting: RHB Ethan Ramos 0-0: Foul Ball, location: 2F
0-1: Foul Ball, location: 2F
0-2: Strikes out looking
Top of the 9th over - 0 run(s), 0 hit(s), 0 error(s), 0 left on base; Billings West HS 13 - Oliver Ames HS 8
BOTTOM OF THE 9TH
Oliver Ames HS Tigers batting - Pitching for Billings West HS Golden Bears : RHP Bob Roy
Batting: SHB David Castaneda 0-0: Ball
1-0: Ball
2-0: Foul Ball, location: 2F
2-1: Fly out, F9 (Flyball, 9M)
Batting: LHB Eugene Lee 0-0: Called Strike
0-1: Ball
1-1: Foul Ball, location: 2F
1-2: Ground out 3-1 (Groundball, 34S)
Batting: RHB David Morgan 0-0: Ball
1-0: Called Strike
1-1: Foul Ball, location: 2F
1-2: Hit by Pitch
Batting: SHB Lee Dean 0-0: Ball
1-0: Called Strike
1-1: Ball
2-1: Foul Ball, location: 2F
2-2: Ball
3-2: Base on Balls
David Morgan to second
Batting: LHB Miguel García 0-0: Fly out, F7 (Flyball, 7LM)
Bottom of the 9th over - 0 run(s), 0 hit(s), 0 error(s), 2 left on base; Billings West HS 13 - Oliver Ames HS 8
This league is powered by Out of the Park Baseball, the baseball management simulation game for PC, Mac and Linux
Tuesday, August 2nd, 2016 - OOTP Baseball 16.8 Build 38